 Dungeon Crawl Stone Soup version 0.31-a0-358-gac0dbeb3ab (webtiles) character file.

Game seed: 5313478178199120394

4486 drugrobin the Cruncher (level 9, -3/68 HPs)
             Began as a Demigod Delver on July 25, 2023.
             Killed themself with a badly aimed iceblast (13 damage)
             ... on level 9 of the Dungeon.
             The game lasted 00:21:50 (10284 turns).

drugrobin the Cruncher (Demigod Delver)            Turns: 10284, Time: 00:21:51

Health: -3/68      AC:  8    Str: 25    XL:     9   Next: 94%
Magic:  24/24      EV: 12    Int: 12    God:
Gold:   485        SH:  0    Dex: 15    Spells: 12/12 levels left

rFire   . . .        a - +0 quarterstaff
rCold   + . .        (shield currently unavailable)
rNeg    . . .        b - +2 leather armour {rPois}
rPois   +            r - +0 helmet
rElec   .            (no cloak)
rCorr   .            (no gloves)
SInv    .            C - +1 pair of boots
Will    .....        (no amulet)
Stlth   +++          F - ring of magical power
HPRegen 0.31/turn    L - ring of protection from cold
MPRegen 0.19/turn

%: no passive effects
@: no status effects
A: high MP 1, forlorn, divine attributes
a: no special abilities


You were on level 9 of the Dungeon.
You visited 1 branch of the dungeon, and saw 9 of its levels.
You also visited: Sewer and Ossuary.

You collected 485 gold pieces.

Inventory:

Hand Weapons
 a - a +0 quarterstaff (weapon)
 o - a +0 mace
 V - a +2 trident of freezing
 X - a +1 whip of freezing
Missiles
 j - 10 poisoned darts (quivered)
 w - a throwing net
 P - a curare-tipped dart
 U - 12 boomerangs of dispersal
Armour
 b - a +2 leather armour of poison resistance (worn)
 r - a +0 helmet (worn)
 C - a +1 pair of boots (worn)
 I - a +0 buckler
Magical Staves
 p - a staff of cold
 M - a staff of fire
Jewellery
 F - a ring of magical power (left hand)
 L - a ring of protection from cold (right hand)
 W - a ring of resist corrosion
Talismans
 s - a beast talisman
Wands
 g - a wand of digging (3)
 v - a wand of iceblast (14)
 E - a wand of polymorph (2)
 H - a wand of acid (14)
Scrolls
 c - 3 scrolls of fog
 d - 2 scrolls of revelation
 e - 5 scrolls of fear
 i - a scroll of enchant armour {unknown}
 m - a scroll of brand weapon {unknown}
 t - 3 scrolls of poison {unknown}
 x - a scroll of acquirement {unknown}
 y - 2 scrolls of summoning {unknown}
 z - 2 scrolls of enchant weapon {unknown}
 D - a scroll of silence {unknown}
 G - 10 scrolls of identify {unknown}
 J - 4 scrolls of amnesia {unknown}
 K - a scroll of teleportation {unknown}
 Q - 2 scrolls of immolation {unknown}
 S - 2 scrolls of blinking {unknown}
Potions
 f - 3 potions of haste
 h - a potion of cancellation {unknown}
 k - 3 potions of mutation {unknown}
 l - 2 potions of invisibility {unknown}
 n - a potion of heal wounds {unknown}
 q - 3 potions of resistance {unknown}
 u - 4 potions of magic {unknown}
 A - a potion of attraction {unknown}
 B - 4 potions of might {unknown}
 N - 2 potions of ambrosia {unknown}
 O - a potion of lignification {unknown}
 R - 2 potions of degeneration {unknown}
 T - 4 potions of curing {unknown}


   Skills:
 - Level 2.6 Fighting
 - Level 1.7(6.9) Maces & Flails
 + Level 10.6(10.7) Staves
 - Level 1.7 Dodging
 - Level 4.5 Stealth
 + Level 2.3 Spellcasting
 - Level 8.0 Evocations


You had 12 spell levels left.
You didn't know any spells.
Your spell library contained the following spells:

 Spells                   Type           Power      Damage    Failure   Level
 Sandblast                Erth           2%         2d4       30%         1
 Shock                    Conj/Air       4%         1d3       30%         1
 Lesser Beckoning         Tloc           2%         N/A       41%         2
 Passwall                 Tmut/Erth      0%         N/A       41%         2
 Gell's Gravitas          Tloc           1%         N/A       65%         3
 Portal Projectile        Hex/Tloc       2%         N/A       65%         3
 Stone Arrow              Conj/Erth      2%         3d7       65%         3
 Swiftness                Air            1%         N/A       65%         3
 Teleport Other           Tloc           1%         N/A       65%         3
 Tukima's Dance           Hex            1%         N/A       65%         3
 Airstrike                Air            0%         2d(1-17)  96%         4
 Iskenderun's Mystic Bla  Conj/Tloc      1%         2d3       96%         4
 Manifold Assault         Tloc           1%         N/A       96%         4
 Dispersal                Tloc           0%         N/A       100%        6
 Disjunction              Tloc           0%         N/A       100%        8


Dungeon Overview and Level Annotations

Branches:
Dungeon (9/15)             Temple (0/1) D:6           Sewer (visited)
Ossuary (visited)
   Lair: D:8-11         Orc: D:9-12

Shops:
D:4 [


Innate Abilities, Weirdness & Mutations

You have an increased reservoir of magic. (+10% MP)
You shall have no god before yourself.
Your divine heritage dramatically boosts your attributes as you level up.


Message History

The orc warrior is severely wounded.
You closely miss the orc warrior.
The orc warrior is severely wounded.
The orc warrior hits you with a +0 halberd!
You thump the orc warrior!
The orc warrior is almost dead.
The orc closely misses you. The orc warrior misses you.
Unknown command.
You closely miss the orc warrior.
The orc warrior is almost dead.
The orc zaps a wand.
You suddenly lose the ability to move!
The orc warrior hits you with a +0 halberd!
The orc zaps a wand.
You easily resist.
The orc hits you with a +0 flail of protection.
The orc warrior hits you but does no damage.
The orc zaps a wand.
You easily resist.
The orc hits you but does no damage.
The orc warrior hits you with a +0 halberd!
* * * LOW HITPOINT WARNING * * *
The orc hits you but does no damage. x2
The orc warrior hits you with a +0 halberd!
* * * LOW HITPOINT WARNING * * *
You can move again.
Unknown command.
Unknown command.
Unknown command.
Unknown command.
Unknown command.
Unknown command.
Press: ? - help, v - describe, . - travel
Here: an orc, wielding a +0 club and carrying a wand of paralysis The floor.
Unknown command.
Unknown command.
Aiming: Iceblast
Press: ? - help, Shift-Dir - straight line That beam is likely to hit you.
Continue anyway?
The mass of ice explodes!
The iceblast engulfs the orc!!
You kill the orc!
The iceblast engulfs you! You partially resist.
You die...

..... # #...# #. #...# #..
#...# #..#############...#
##.........oo.......#######
.......))..)@......†.......
......(((<........)........
........(##################
.........# .........#
.........# ..........
........... ##...######


You could see an orc warrior and an orc.

Vanquished Creatures
  A two-headed ogre (D:9)
  Pikel (D:8)
  A tarantella (shapeshifter) (D:8)
  2 wyverns
  4 yaks
  Menkaure (D:7)
  A water moccasin (D:6)
  3 ice beasts
  A black bear (D:7)
  3 centaurs
  2 lemures
  3 kobold brigands
  2 bullfrogs (D:7)
  A gnoll sergeant (D:7)
  5 wights (D:8)
  An electric eel (D:8)
  2 centaur zombies (Ossuary)
  5 hounds
  An orc priest (D:8)
  A sleepcap (D:8)
  3 iguanas
  2 orc wizards
  3 ogre zombies (Ossuary)
  7 mummies (Ossuary)
  12 gnolls
  A river rat (Sewer)
  6 adders
  A shadow imp (D:5)
  2 white imps
  An ufetubus (D:7)
  2 adder zombies (Ossuary)
  2 worms (D:2)
  2 dart slugs (D:1)
  16 orcs
  6 ball pythons
  6 endoplasms
  6 giant cockroaches
  9 goblins
  12 hobgoblins
  9 jackals
  A quokka (D:5)
  2 bats
  6 frilled lizards
  8 goblin zombies (Ossuary)
  4 hobgoblin zombies (Ossuary)
  23 kobolds
  A kobold zombie (Ossuary)
  An orc zombie (Ossuary)
  2 quokka zombies (Ossuary)
  12 rats
  7 rat zombies (Ossuary)
216 creatures vanquished.

Notes
Turn   | Place    | Note
-------+----------+-------------------------------------------
     0 | D:5      | drugrobin the Demigod Delver began the quest for the Orb.
     0 | D:5      | Reached XP level 1. HP: 18/18 MP: 3/3
     0 | D:5      | Found a glowing drain.
    16 | Sewer    | Entered a sewer
    66 | Sewer    | Reached skill level 1 in Staves
    72 | Sewer    | Reached XP level 2. HP: 13/25 MP: 4/4
   158 | Sewer    | Reached skill level 2 in Staves
   260 | Sewer    | Reached XP level 3. HP: 26/30 MP: 5/5
   551 | Sewer    | Reached skill level 3 in Staves
   673 | Sewer    | Noticed a kobold brigand
   700 | Sewer    | Killed a kobold brigand
   701 | Sewer    | Reached skill level 4 in Staves
   701 | Sewer    | Reached XP level 4. HP: 16/37 MP: 6/6
  1131 | D:5      | Reached XP level 5. HP: 42/42 MP: 7/7
  1290 | D:4      | Reached skill level 5 in Staves
  1328 | D:4      | Found Aqytir's Antique Armour Emporium.
  3581 | D:3      | Reached XP level 6. HP: 50/50 MP: 8/8
  4325 | D:5      | Reached skill level 6 in Staves
  4696 | D:5      | Reached skill level 1 in Evocations
  4998 | D:5      | Reached XP level 7. HP: 56/56 MP: 9/9
  5233 | D:6      | Reached skill level 7 in Staves
  5726 | D:6      | Found a staircase to the Ecumenical Temple.
  6192 | D:7      | Noticed Menkaure
  6209 | D:7      | Killed Menkaure
  6210 | D:7      | Reached XP level 8. HP: 62/62 MP: 10/10
  6276 | D:7      | Reached skill level 8 in Staves
  6547 | D:7      | Found a sand-covered staircase.
  6551 | Ossuary  | Entered an ossuary
  6856 | Ossuary  | Reached skill level 5 in Evocations
  7867 | D:7      | Reached skill level 9 in Staves
  8076 | D:8      | Noticed a hornet
  8167 | D:8      | Noticed a tarantella
  8168 | D:8      | a hornet changed into a wyvern
  8177 | D:7      | Reached XP level 9. HP: 32/68 MP: 11/11
  8775 | D:8      | Noticed Pikel
  9163 | D:8      | Killed Pikel
  9164 | D:8      | Reached skill level 10 in Staves
 10133 | D:9      | Noticed a two-headed ogre
 10155 | D:9      | Killed a two-headed ogre
 10280 | D:9      | Paralysed by an orc for 3 turns
 10284 | D:9      | Killed themself with a badly aimed iceblast

Illustrated notes

Levels and vault maps discovered:
D:1:      wander_arrival_abandoned_jail, layout_loops_ring,
          nicolae_houndstooth_variations
D:2:      layout_rooms, kennysheep_big_empty_room, minmay_tree_intersection,
          chequers_serial_rivers_micro_a, wad_floor_pattern_untrapped,
          grunt_decor_clamped
D:3:      kennysheep_big_flooded_room, layout_basic, grunt_ministairs_8,
          solitary_fountain
D:4:      cheibrodos_greedy_goblins, layout_loops_ring, grunt_gozag_statues,
          serial_shops, shop
D:5:      layout_layer_cave, portal_sewer_entry_a, nrook_campfire
D:6:      layout_basic, grunt_temple_overflow_open, temple_statues
D:7:      layout_basic, lightli_ossuary_entry_decrepit_ruins,
          minmay_unpleasant_kobolds, uniq_menkaure
D:8:      layout_rooms, kennysheep_island_fort, uniq_pikel
D:9:      layout_long_grid, dpeg_lair_monsters, grunt_ministairs_11,
          serial_bayou_ford_a, kennysheep_generic_room_6, uniq_erica

Skill      XL: |  1  2  3  4  5  6  7  8  9 |
---------------+----------------------------+-----
Staves         | 1 2 4 5 6 7 9 10 | 10.6
Evocations     | 1 4 6 8 |  8.0
Spellcasting   | 2 |  2.3
Fighting       | |  2.6
Maces & Flails | |  1.7
Dodging        | |  1.7
Stealth        | |  4.5

Action                     |  1- 3 |  4- 6 |  7- 9 || total
---------------------------+-------+-------+-------++-------
  Melee: Mace              |    95 |     6 |       ||   101
         Quarterstaff      |       |   261 |   432 ||   693
  Throw: Dart              |       |     3 |    26 ||    29
         Throwing net      |       |       |     2 ||     2
  Evoke: Wand              |       |       |    10 ||    10
   Stab: Sleeping          |     1 |    15 |    15 ||    31
         Distracted        |       |     1 |     1 ||     2
         Held in net/web   |       |       |     1 ||     1
 Armour: Leather armour    |    27 |    72 |   102 ||   201
         Robe              |       |       |     7 ||     7
  Dodge: Dodged            |    78 |   180 |   199 ||   457

Table legend: (Time is in decaauts)
 A = Elapsed time spent in this place.
 B = Non-inter-level travel time spent in this place.
 C = Inter-level travel time spent in this place.
 D = Time resting spent in this place.
 E = Time spent auto-exploring this place.
 F = Levels seen in this place.
 G = Mean time per level.
                   A        B        C        D        E       F      G
               +--------+--------+--------+--------+--------+-----+--------+
         Total |  10402 |   9743 |    659 |   1774 |   5123 |  11 |  945.6 |
       Dungeon |   8385 |   7726 |    659 |   1341 |   4145 |   9 |  931.7 |
         Sewer |   1246 |   1246 |      0 |    419 |    537 |   1 | 1246.0 |
       Ossuary |    771 |    771 |      0 |     14 |    441 |   1 |  771.0 |
               +--------+--------+--------+--------+--------+-----+--------+

Top non-repeatable levels by time:
     D:7: 2101 daAuts
     D:8: 1392 daAuts
   Sewer: 1246 daAuts
     D:5: 948 daAuts
     D:4: 855 daAuts
     D:1: 816 daAuts
 Ossuary: 771 daAuts
     D:6: 760 daAuts
     D:2: 750 daAuts
     D:3: 680 daAuts
     D:9: 79 daAuts
